 Dungeon Crawl Stone Soup version 0.30-a0-883-g5ad918d77d (webtiles) character file.

Game seed: 12887007468756472736

1901 jasper the Conjurer (level 8, -19/54 (57) HPs)
             Began as a Demonspawn Wanderer on Mar 17, 2023.
             Was an Initiate of Ru.
             Demolished by a gargoyle
             ... wielding a +1 mace of draining
              (22 damage)
             ... on level 8 of the Dungeon.
             The game lasted 00:19:07 (6957 turns).

jasper the Conjurer (Demonspawn Wanderer)           Turns: 6957, Time: 00:19:07

HP:   -19/54 (57)   AC:  8    Str: 14    XL:     8   Next: 94%
MP:   10/14         EV: 12    Int: 15    God:    Ru [......]
Gold: 395           SH:  0    Dex: 12    Spells: 1/16 levels left

rFire   + . .      SeeInvis .    s - +1 trident (drain)
rCold   . . .      Faith    .    (no shield)
rNeg    . . .      Spirit   .    r - +0 robe {rF+}
rPois   .          Reflect  .    (no helmet)
rElec   .          Rampage  .    (no cloak)
rCorr   .                        (no gloves)
Will    .....                    (no boots)
Stlth   ++                       (no amulet)
HPRegen 0.29/turn                q - +4 ring of protection
MPRegen 0.14/turn                (no ring)

@: mighty, hasted, drained, very quick
A: hooves 1, molten scales 1, foul stench 1
a: Renounce Religion


You were on level 8 of the Dungeon.
You worshipped Ru.
Ru was noncommittal.
You visited 1 branch of the dungeon, and saw 8 of its levels.

You collected 395 gold pieces.

Inventory:

Hand Weapons
 a - a +0 club
 e - a +1 spear
 s - a +1 trident of draining (weapon)
 v - a +0 rapier
Missiles
 d - 38 stones
 h - 6 datura-tipped darts
 l - 15 poisoned darts
 y - a curare-tipped dart
Armour
 g - a +1 robe
 r - a +0 robe of fire resistance (worn)
Jewellery
 o - a ring of fire
 q - a +4 ring of protection (left hand)
Wands
 p - a wand of paralysis (5)
Scrolls
 c - 2 scrolls of vulnerability
 k - a scroll of teleportation
 m - 3 scrolls of fear
 w - a scroll of identify
Potions
 b - a potion of attraction
 i - 2 potions of degeneration
 j - 7 potions of curing
 n - a potion of resistance {unknown}
 u - 2 potions of mutation {unknown}
 x - a potion of lignification
 z - 2 potions of flight {unknown}


   Skills:
 + Level 2.6 Fighting
 - Level 4.5 Armour
 + Level 2.0 Dodging
 - Level 1.0 Stealth
 + Level 4.6 Spellcasting
 * Level 5.5 Conjurations
 - Level 5.0 Translocations
 - Level 5.0 Ice Magic
 - Level 1.2 Invocations


You had one spell level left.
You knew the following spells:

 Your Spells              Type           Power      Damage    Failure   Level
a - Freeze                Ice            72%        1d8       2%          1
b - Hailstorm             Conj/Ice       19%        3d6       6%          3
c - Iskenderun's Mystic   Conj/Tloc      19%        2d6       19%         4
d - Borgnjor's Vile Clut  Necr/Erth      1%         N/A       99%         5
e - Sublimation of Blood  Necr           3%         N/A       26%         2

Your spell library contained the following spells:

 Spells                   Type           Power      Damage    Failure   Level
 Ensorcelled Hibernation  Hex/Ice        20%        N/A       10%         2
 Dazzling Flash           Conj/Hex       22%        N/A       16%         3
 Portal Projectile        Hex/Tloc       20%        N/A       19%         3
 Spider Form              Tmut/Pois      3%         N/A       45%         3
 Tukima's Dance           Hex            3%         N/A       45%         3
 Irradiate                Conj/Tmut      5%         3d13      83%         5
 Anguish                  Hex/Necr       1%         N/A       86%         4
 Animate Dead             Necr           3%         N/A       86%         4
 Petrify                  Tmut/Erth      3%         N/A       86%         4
 Blade Hands              Tmut           1%         N/A       99%         5
 Death Channel            Necr           1%         N/A       100%        6
 Starburst                Conj/Fire      5%         6d4       100%        6


Dungeon Overview and Level Annotations

Branches:
Dungeon (8/15)             Temple (0/1) D:4
   Lair: D:8-11

Altars:
Cheibriados
Ru
Xom


Innate Abilities, Weirdness & Mutations

You have large cloven feet.
You are partially covered in molten scales. (AC +2)
You may rarely emit foul miasma when damaged in melee.


Message History

Okay, then.
Unknown command.
Aiming: Paralyse
Press: ? - help, Shift-Dir - straight line, f/p - gargoyle
Aim: a gargoyle, wielding a +1 mace of draining (chance to affect: 31%)
The gargoyle suddenly stops moving!
You feel yourself speed up.
You feel very mighty all of a sudden.
The helpless gargoyle fails to defend itself.
You hit the gargoyle. You kick the gargoyle.
The gargoyle is moderately damaged.
The helpless gargoyle fails to defend itself.
You hit the gargoyle but do no damage.
You kick the gargoyle, but do no damage.
The gargoyle is moderately damaged.
The helpless gargoyle fails to defend itself.
You hit the gargoyle but do no damage.
You kick the gargoyle, but do no damage.
The gargoyle is moderately damaged.
The helpless gargoyle fails to defend itself.
You hit the gargoyle but do no damage. You kick the gargoyle!
The gargoyle is heavily damaged.
The helpless gargoyle fails to defend itself.
You hit the gargoyle.
The gargoyle is severely damaged.
The gargoyle is no longer paralysed.
The gargoyle hits you with a +1 mace of draining.
* * * LOW HITPOINT WARNING * * *
You feel drained.
* * * LOW HITPOINT WARNING * * *
You emit a cloud of foul miasma!
You take 3 damage, and have 3/54 hp.
You hit the gargoyle but do no damage.
The gargoyle is severely damaged.
The gargoyle hurls a stone arrow at you.
The stone arrow misses you.
You completely miss the gargoyle.
The gargoyle is severely damaged.
The gargoyle hits you with a +1 mace of draining!!
You die...

..####.# ##..)#
#......#############).
#....##........#).
##.#.............#
#.####........###
####.####........#
#....!..#........#
#####.......#........#
..^....@....#........#
#####.9.....##########
#.......# #.?.....#
#########


You could see a gargoyle.

Vanquished Creatures
  2 hornets
  A steam dragon (D:7)
  2 black bears
  3 ice beasts
  An ogre (D:5)
  A centaur (D:6)
  3 kobold brigands
  2 scorpions
  A hound (D:6)
  An orc priest (D:6)
  2 sleepcaps
  A gnoll bouda (D:6)
  An iguana (D:6)
  An orc wizard (D:6)
  8 gnolls
  7 adders
  A shadow imp (D:6)
  A dart slug (D:4)
  11 orcs
  3 bats
  8 endoplasms
  3 goblins
  6 hobgoblins
  6 jackals (D:1)
  5 ball pythons
  2 frilled lizards (D:3)
  13 kobolds
  11 rats
107 creatures vanquished.

Notes
Turn   | Place    | Note
-------+----------+-------------------------------------------
     0 | D:1      | jasper the Demonspawn Wanderer began the quest for the Orb.
     0 | D:1      | jasper set off with the following items: a +0 club, a
                  | potion of attraction, a scroll of vulnerability, a +0 chain
                  | mail; and the following spell memorised: Freeze; and the
                  | following spells available to memorise: Hailstorm.
     0 | D:1      | Reached XP level 1. HP: 15/15 MP: 2/2
   465 | D:1      | Gained mutation: You are partially covered in molten
                  | scales. (AC +2) [demonic ancestry]
   465 | D:1      | Reached XP level 2. HP: 14/21 MP: 0/3
  1384 | D:2      | Reached XP level 3. HP: 22/26 MP: 2/5
  1390 | D:2      | Learned a level 3 spell: Hailstorm
  1503 | D:2      | Found a faded altar of an unknown god.
  2437 | D:3      | Found a sacrificial altar of Ru.
  2492 | D:3      | Became a worshipper of Ru the Awakened
  2514 | D:3      | Gained mutation: You may rarely emit foul miasma when
                  | damaged in melee. [demonic ancestry]
  2514 | D:3      | Reached XP level 4. HP: 32/32 MP: 5/7
  2639 | D:3      | Reached skill level 1 in Conjurations
  2950 | D:4      | Found a staircase to the Ecumenical Temple.
  3049 | D:4      | Found a snail-covered altar of Cheibriados.
  3721 | D:5      | Entered Level 5 of the Dungeon
  3794 | D:5      | Noticed a scorpion
  3794 | D:5      | Noticed a scorpion
  3803 | D:4      | Killed a scorpion
  3804 | D:4      | Reached XP level 5. HP: 26/37 MP: 1/8
  3888 | D:4      | Learned a level 4 spell: Iskenderun's Mystic Blast
  4028 | D:5      | Noticed an ogre
  4038 | D:5      | Killed an ogre
  4039 | D:5      | Reached XP level 6. HP: 32/43 MP: 4/10
  4152 | D:5      | Found a shimmering altar of Xom.
  4205 | D:5      | Noticed an ice beast
  4224 | D:5      | Killed an ice beast
  4363 | D:5      | Found a sand-covered staircase.
  4769 | D:6      | Noticed a hornet
  4875 | D:6      | Killed a hornet
  4876 | D:6      | Reached skill level 5 in Ice Magic
  4876 | D:6      | Reached XP level 7. HP: 46/48 MP: 1/12
  5011 | D:6      | Reached skill level 1 in Translocations
  5461 | D:6      | Learned a level 5 spell: Borgnjor's Vile Clutch
  5516 | D:6      | Gained mutation: You have large cloven feet. [demonic
                  | ancestry]
  5516 | D:6      | Reached XP level 8. HP: 54/54 MP: 10/14
  6379 | D:7      | Reached skill level 5 in Translocations
  6382 | D:7      | Learned a level 2 spell: Sublimation of Blood
  6478 | D:7      | Noticed a cyclops
  6639 | D:7      | Noticed a cyclops
  6643 | D:7      | Identified the +1 ring mail "Onwat" {Slay+2}
  6655 | D:7      | Noticed a hornet
  6664 | D:7      | Killed a hornet
  6665 | D:7      | Reached skill level 1 in Dodging
  6685 | D:7      | Reached skill level 5 in Conjurations
  6935 | D:8      | Noticed a gargoyle
  6957 | D:8      | Demolished by a gargoyle

Illustrated notes

Levels and vault maps discovered:
D:1:      tarquinn_simple_flora_water_c, layout_loops_cross, minmay_tetromino_s4
D:2:      layout_rooms, ebering_ecumenical_altar_mist,
          nicolae_figureground_sparkle
D:3:      layout_basic, hangedman_ru_absence
D:4:      layout_loops_ring, kennysheep_slug_shrine, minmay_temple_entry_wispy,
          grunt_decor_mini_mirrors
D:5:      layout_rooms, mainiacjoe_overflow_surrounded_room, enter_ossuary_2,
          kennysheep_crisscross
D:6:      layout_layer_cave, corner_web_ring, corexii_corridor_pit
D:7:      gammafunk_the_bubble [the_bubble_gammafunk_split], layout_cave_pods
D:8:      layout_rooms, uniq_maggie

Skill      XL: |  1  2  3  4  5  6  7  8 |
---------------+-------------------------+-----
Ice Magic      | 2 3 4 5 |  5.0
Spellcasting   | 2 3 4 |  4.6
Conjurations   | 1 2 4 5 |  5.5
Translocations | 3 5 |  5.0
Dodging        | 2 |  2.0
Fighting       | 2 |  2.6
Armour         | |  4.5
Stealth        | |  1.0
Invocations    | |  1.2

Action                     |  1- 3 |  4- 6 |  7- 9 || total
---------------------------+-------+-------+-------++-------
  Melee: Club              |    29 |       |       ||    29
         Unarmed           |     3 |    12 |       ||    15
         Punch             |     2 |       |     1 ||     3
         Spear             |    28 |     3 |       ||    31
         Trident           |       |    41 |    72 ||   113
         Kick              |       |       |    12 ||    12
  Throw: Stone             |     1 |       |       ||     1
         Dart              |       |     4 |       ||     4
   Cast: Freeze            |    60 |    46 |    76 ||   182
         Hailstorm         |       |       |     8 ||     8
         Iskenderun's Myst |       |       |     2 ||     2
 Invoke: Reject Sacrifices |       |     1 |       ||     1
  Evoke: Wand              |       |     2 |     5 ||     7
    Use: Scroll            |     9 |     3 |     4 ||    16
         Potion            |     2 |     1 |     8 ||    11
   Stab: Sleeping          |     1 |     1 |       ||     2
         Paralysed         |       |       |     6 ||     6
 Armour: Skin              |    12 |     9 |       ||    21
         Robe              |    11 |    22 |    48 ||    81
  Dodge: Dodged            |    58 |    42 |   106 ||   206

Table legend: (Time is in decaauts)
 A = Elapsed time spent in this place.
 B = Non-inter-level travel time spent in this place.
 C = Inter-level travel time spent in this place.
 D = Time resting spent in this place.
 E = Time spent auto-exploring this place.
 F = Levels seen in this place.
 G = Mean time per level.
                   A        B        C        D        E       F      G
               +--------+--------+--------+--------+--------+-----+--------+
         Total |   7004 |   6569 |    435 |   1490 |   3318 |   8 |  875.5 |
       Dungeon |   7004 |   6569 |    435 |   1490 |   3318 |   8 |  875.5 |
               +--------+--------+--------+--------+--------+-----+--------+

Top non-repeatable levels by time:
     D:6: 1623 daAuts
     D:1: 1291 daAuts
     D:4: 1126 daAuts
     D:3: 971 daAuts
     D:5: 676 daAuts
     D:2: 638 daAuts
     D:7: 520 daAuts
     D:8: 156 daAuts
